 Dungeon Crawl Stone Soup version 0.29-a0-582-ge82337ba6a (webtiles) character file.

Game seed: 10809635311218205183

191 spaghetti the Covert (level 5, -1/47 HPs)
             Began as a Gnoll Delver on June 15, 2022.
             Killed from afar by Ijyb (11 damage)
             ... with a puff of flame
             ... on level 3 of the Dungeon.
             The game lasted 00:02:42 (1735 turns).

spaghetti the Covert (Gnoll Delver)                 Turns: 1735, Time: 00:02:43

Health: -1/47      AC:  4    Str: 12    XL:     5   Next: 70%
Magic:  7/7        EV: 13    Int:  9    God:
Gold:   37         SH:  0    Dex: 15    Spells: 7/7 levels left

rFire   . . .      SeeInvis .   a - +0 short sword {short}
rCold   . . .      Faith    .   (no shield)
rNeg    . . .      Spirit   .   b - +0 leather armour
rPois   .          Reflect  .   (no helmet)
rElec   .          Harm     .   (no cloak)
rCorr   .          Rampage  .   (no gloves)
Will    .....                   m - +0 pair of boots
Stlth   ++++......              (no amulet)
HPRegen 0.15/turn               k - ring of flight
MPRegen 0.10/turn               (no ring)

@: brilliant, flying
A: fangs 1, strong nose, distributed training
a: no special abilities


You were on level 3 of the Dungeon.
You visited 1 branch of the dungeon, and saw 3 of its levels.

You collected 37 gold pieces.


Innate Abilities, Weirdness & Mutations

You have very sharp teeth.
Your uncanny sense of smell can sniff out nearby items.
Your experience applies equally to all skills.


   Skills:
 + Level 6.7 Fighting
 + Level 4.8 Short Blades
 + Level 1.6 Long Blades
 + Level 1.6 Axes
 + Level 1.6 Maces & Flails
 + Level 1.6 Polearms
 + Level 1.6 Staves
 + Level 1.6 Slings
 + Level 1.6 Bows
 + Level 1.6 Crossbows
 + Level 1.6 Throwing
 + Level 1.6 Armour
 + Level 4.8 Dodging
 + Level 9.7 Stealth
 + Level 1.6 Shields
 + Level 1.6 Unarmed Combat
 + Level 1.6 Spellcasting
 + Level 1.2 Conjurations
 + Level 1.2 Hexes
 + Level 1.2 Summonings
 + Level 1.2 Necromancy
 + Level 1.2 Translocations
 + Level 1.2 Transmutations
 + Level 1.2 Fire Magic
 + Level 1.2 Ice Magic
 + Level 1.2 Air Magic
 + Level 1.2 Earth Magic
 + Level 1.2 Poison Magic
 + Level 1.8 Invocations
 + Level 1.6 Evocations


You had 7 spell levels left.
You didn't know any spells.
Your spell library was empty.

Inventory:

Hand Weapons
 a - a +0 short sword (weapon) {short}
 j - a +0 long sword {long}
   (You found it on level 4 of the Dungeon)
Missiles
 h - 27 stones {throwing}
 i - 7 boomerangs (quivered) {throwing}
Armour
 b - a +0 leather armour (worn)
 m - a +0 pair of boots (worn)
   (You found it on level 3 of the Dungeon)
Jewellery
 k - a ring of flight (left hand)
   (You found it on level 3 of the Dungeon)
Wands
 g - a wand of digging (3)
Scrolls
 c - a scroll of fog
 d - a scroll of magic mapping {!r}
 l - a scroll of enchant armour {unknown}
 n - a scroll of identify {unknown}
Potions
 f - a potion of haste {@q3}

Dungeon Overview and Level Annotations

Branches:
Dungeon (5/15)
 Temple: D:4-7

Altars:

Annotations:
D:3 Ijyb

#..# #.#
#..###.#
..###..# ##.#
#.## #.# #.# #.
#.# #.# #####
#.########......
#...:...@g.#
############


You could see Ijyb.


Message History

You kill the hobgoblin!
No target in view!
No target in view!
No target in view!
No target in view!
No target in view!
No target in view!
n - a scroll labelled ATYHAS UFRI Key pressed, stopping explore.
Ijyb the Twisted Goblin comes into view.
She is wielding a +0 dagger and carrying a wand of flame (20).
Unknown command.
You see here a book of Geomancy.
Ijyb hits you with a +0 dagger. 😕 HP[-2]
You take 2 damage, and now have 45/47 hp.
You hit Ijyb but do no damage. Ijyb completely misses you.
You hit Ijyb but do no damage. Ijyb closely misses you.
You puncture Ijyb! Ijyb barely misses you.
You hit Ijyb. Ijyb misses you.
You closely miss Ijyb. Ijyb closely misses you.
You closely miss Ijyb. Your punch misses Ijyb. You closely miss Ijyb.
Ijyb hits you with a +0 dagger. 😕 HP[-4]
You take 4 damage, and now have 41/47 hp.
You are too injured to fight recklessly!
You are too injured to fight recklessly!
You are too injured to fight recklessly!
You are too injured to fight recklessly!
You are too injured to fight recklessly!
You are too injured to fight recklessly!
You are too injured to fight recklessly!
You are too injured to fight recklessly!
Unknown command.
You closely miss Ijyb. You bite Ijyb. Ijyb closely misses you. 😕 HP[+1]
You barely miss Ijyb. Ijyb closely misses you.
You barely miss Ijyb. Your bite misses Ijyb.
Ijyb zaps a wand.
The puff of flame hits you! 😮 HP[-8]
You take 8 damage, and now have 34/47 hp.
You hit Ijyb but do no damage. Your bite misses Ijyb.
Ijyb hits you but does no damage.
You hit Ijyb but do no damage. Ijyb closely misses you.
You hit Ijyb but do no damage. You punch Ijyb, but do no damage.
You bite Ijyb, but do no damage. Ijyb barely misses you.
You closely miss Ijyb. Ijyb hits you but does no damage.
You hit Ijyb. You bite Ijyb, but do no damage. You closely miss Ijyb.
Ijyb hits you with a +0 dagger. 😮 HP[-2]
You take 2 damage, and now have 32/47 hp.
You barely miss Ijyb.
Ijyb zaps a wand.
The puff of flame hits you! 😮 HP[-8]
You take 8 damage, and now have 24/47 hp.
You hit Ijyb.
Ijyb zaps a wand.
The puff of flame hits you but does no damage.
You hit Ijyb but do no damage.
Ijyb zaps a wand.
The puff of flame hits you.
* * * LOW HITPOINT WARNING * * *
😨 HP[-6]
You take 6 damage, and now have 18/47 hp.
Unknown command.
You miss Ijyb.
Ijyb zaps a wand.
The puff of flame hits you.
* * * LOW HITPOINT WARNING * * *
😨 HP[-2]
You take 2 damage, and now have 16/47 hp.
Unknown command.
You hit Ijyb but do no damage. You bite Ijyb, but do no damage.
Ijyb hits you with a +0 dagger.
* * * LOW HITPOINT WARNING * * *
😨 HP[-3]
You take 3 damage, and now have 13/47 hp.
You hit Ijyb.
Ijyb zaps a wand.
The puff of flame hits you.
* * * LOW HITPOINT WARNING * * *
😱 HP[-4]
You take 4 damage, and now have 9/47 hp.
You closely miss Ijyb. Your bite misses Ijyb. 😱 HP[+1]
You barely miss Ijyb. Ijyb completely misses you.
You hit Ijyb. Ijyb barely misses you.
You hit Ijyb but do no damage.
Ijyb screams, "Die!"
Ijyb misses you.
Okay, then.
You hit Ijyb but do no damage. Ijyb closely misses you.
You closely miss Ijyb. Ijyb hits you but does no damage.
You barely miss Ijyb. You bite Ijyb, but do no damage.
It was a potion of brilliance.
You feel clever all of a sudden.
Ijyb zaps a wand.
The puff of flame hits you!
You die...

Skill      XL: |  1  2  3 |
---------------+----------+-----
Stealth        | |  9.7
Long Blades    | 1 |  1.6
Axes           | 1 |  1.6
Maces & Flails | 1 |  1.6
Polearms       | 1 |  1.6
Staves         | 1 |  1.6
Slings         | 1 |  1.6
Bows           | 1 |  1.6
Crossbows      | 1 |  1.6
Throwing       | 1 |  1.6
Armour         | 1 |  1.6
Shields        | 1 |  1.6
Unarmed Combat | 1 |  1.6
Spellcasting   | 1 |  1.6
Conjurations   | 1 |  1.2
Hexes          | 1 |  1.2
Summonings     | 1 |  1.2
Necromancy     | 1 |  1.2
Translocations | 1 |  1.2
Transmutations | 1 |  1.2
Fire Magic     | 1 |  1.2
Ice Magic      | 1 |  1.2
Air Magic      | 1 |  1.2
Earth Magic    | 1 |  1.2
Poison Magic   | 1 |  1.2
Invocations    | 1 |  1.8
Evocations     | 1 |  1.6
Fighting       | |  6.7
Short Blades   | |  4.8
Dodging        | |  4.8

Action                   |  1- 3 |  4- 6 || total
-------------------------+-------+-------++-------
Melee: Short sword       |    30 |    98 ||   128
       Bite              |     3 |    11 ||    14
       Punch             |     1 |     2 ||     3
  Use: Scroll            |       |     4 ||     4
       Potion            |       |     2 ||     2
 Stab: Sleeping          |     1 |     5 ||     6
Armor: Leather armour    |     4 |    15 ||    19
Dodge: Dodged            |    20 |    66 ||    86

Levels and vault maps discovered:
D:3:      minmay_razor_zed, layout_loops_ring, corexii_item_surrounded_by_moat,
          uniq_ijyb
D:4:      layout_basic, fedhas_altar_decomposition, cheibrodos_sewer_entry_bend
D:5:      layout_cave_pods, okawaru_gym_becter, minmay_misc_feat_diagonals,
          kennysheep_another_room

Notes
Turn   | Place    | Note
-------+----------+-------------------------------------------
     0 | D:5      | Reached skill level 9 in Stealth
     0 | D:5      | spaghetti the Gnoll Delver began the quest for the Orb.
     0 | D:5      | Reached XP level 1. HP: 23/23 MP: 1/1
     0 | D:5      | magus.rc [v1.9.6]
     9 | D:5      | Noticed an iguana
    16 | D:5      | Killed an iguana
    17 | D:5      | Reached XP level 2. HP: 29/29 MP: 2/2
    17 | D:5      | Reached XP level 3. HP: 35/35 MP: 3/3
   161 | D:5      | Noticed a necrophage
   184 | D:5      | Killed a necrophage
   185 | D:5      | Reached skill level 1 in Long Blades
   185 | D:5      | Reached skill level 1 in Axes
   185 | D:5      | Reached skill level 1 in Maces & Flails
   185 | D:5      | Reached skill level 1 in Polearms
   185 | D:5      | Reached skill level 1 in Staves
   185 | D:5      | Reached skill level 1 in Slings
   185 | D:5      | Reached skill level 1 in Bows
   185 | D:5      | Reached skill level 1 in Crossbows
   185 | D:5      | Reached skill level 1 in Throwing
   185 | D:5      | Reached skill level 1 in Armour
   185 | D:5      | Reached skill level 1 in Shields
   185 | D:5      | Reached skill level 1 in Unarmed Combat
   185 | D:5      | Reached skill level 1 in Spellcasting
   185 | D:5      | Reached skill level 1 in Conjurations
   185 | D:5      | Reached skill level 1 in Hexes
   185 | D:5      | Reached skill level 1 in Summonings
   185 | D:5      | Reached skill level 1 in Necromancy
   185 | D:5      | Reached skill level 1 in Translocations
   185 | D:5      | Reached skill level 1 in Transmutations
   185 | D:5      | Reached skill level 1 in Fire Magic
   185 | D:5      | Reached skill level 1 in Ice Magic
   185 | D:5      | Reached skill level 1 in Air Magic
   185 | D:5      | Reached skill level 1 in Earth Magic
   185 | D:5      | Reached skill level 1 in Poison Magic
   185 | D:5      | Reached skill level 1 in Invocations
   185 | D:5      | Reached skill level 1 in Evocations
   185 | D:5      | Reached XP level 4. HP: 35/41 MP: 3/5
   290 | D:5      | Reached XP level 5. HP: 47/47 MP: 6/6
  1700 | D:3      | Noticed Ijyb
  1727 | D:3      | HP: 9/47 [Ijyb/puff of flame (4)]
  1735 | D:3      | Killed from afar by Ijyb

Vanquished Creatures
  A necrophage (D:5)
  4 iguanas
  A worm (D:4)
  2 dart slugs (D:4)
  An orc (D:4)
  3 endoplasms
  A goblin (D:4)
  2 hobgoblins
  A kobold (D:4)
  2 quokkas
  3 ball pythons
  A rat (D:3)
22 creatures vanquished.

Vanquished Creatures (others)
  6 bushes (D:4)
  13 plants (D:4)
19 creatures vanquished.

Grand Total: 41 creatures vanquished

Table legend:
 A = Non-vault XP
 B = Vault XP
 C = Vault XP percentage of total XP
 D = Non-vault monster count
 E = Vault monster count
 F = Vault count percentage of total count
                 A         B        C        D         E       F
            +---------+---------+-------+---------+---------+-------
      Total |     274 |       0 |   0.0 |      22 |       0 |   0.0
            +---------+---------+-------+---------+---------+-------
        D:3 |      44 |       0 |   0.0 |       5 |       0 |   0.0
        D:4 |      64 |       0 |   0.0 |      12 |       0 |   0.0
        D:5 |     166 |       0 |   0.0 |       5 |       0 |   0.0
            +---------+---------+-------+---------+---------+-------

Illustrated notes

Table legend:
 A = Kills in this place as a percentage of kills in entire the game.
 B = Kills by you in this place as a percentage of kills by you in the entire game.
 C = Kills by friends in this place as a percentage of kills by friends in the entire game.
 D = Other kills in this place as a percentage of other kills in the entire game.
 E = Experience gained in this place as a percentage of experience gained in the entire game.
 F = Experience gained in this place divided by the number of levels of this place that you have seen.
                   A       B       C       D       E      F
               +-------+-------+-------+-------+-------+----------------------
         Total | 100.0 | 100.0 |   N/A |   N/A | 100.0 |  91.3
       Dungeon | 100.0 | 100.0 |   N/A |   N/A | 100.0 |  91.3
               +-------+-------+-------+-------+-------+----------------------

Table legend: (Time is in decaauts)
 A = Elapsed time spent in this place.
 B = Non-inter-level travel time spent in this place.
 C = Inter-level travel time spent in this place.
 D = Time resting spent in this place.
 E = Time spent auto-exploring this place.
 F = Levels seen in this place.
 G = Mean time per level.
                   A        B        C        D        E       F      G
               +--------+--------+--------+--------+--------+-----+--------+
         Total |   1716 |   1594 |    122 |    163 |   1130 |   3 |  572.0 |
       Dungeon |   1716 |   1594 |    122 |    163 |   1130 |   3 |  572.0 |
               +--------+--------+--------+--------+--------+-----+--------+

Top non-repeatable levels by time:
     D:4: 1220 daAuts
     D:3: 275 daAuts
     D:5: 220 daAuts
